 Dungeon Crawl Stone Soup version 0.21-a0-150-gc243083 (webtiles) character file.

427 Duffy the Chiller (level 6, -8/36 HPs)
             Began as an Octopode Ice Elementalist on July 27, 2017.
             Mangled by an ogre
             ... wielding a +0 giant club
              (22 damage)
             ... on level 4 of the Dungeon.
             The game lasted 00:05:36 (5000 turns).

Duffy the Chiller (Octopode Ice Elementalist)       Turns: 5000, Time: 00:05:37

Health: -8/36      AC:  8    Str:  8    XL:     6   Next: 97%
Magic:  3/12       EV: 13    Int: 19    God:
Gold:   149        SH:  0    Dex: 12    Spells: 3/13 levels left

rFire    . . .     SeeInvis .   k - +2 flail (protect)
rCold    . . .     Gourm    .   (no shield)
rNeg     . . .     Faith    .   (helmet restricted)
rPois    .         Spirit   .   (no amulet)
rElec    .         Reflect  .   l - ring of loudness (curse)
rCorr    .         Harm     .   (no ring)
MR       .....                  (no ring)
Stlth    ++........             (no ring)
HPRegen  0.12/turn              (no ring)
MPRegen  0.13/turn              (no ring)
                                (no ring)
                                (no ring)

@: protection aura, very slightly contaminated
A: almost no armour, stealthy swim, amphibious, 8 rings, constrict 8, camouflage
1, gelatinous body 1
a: no special abilities


You were on level 4 of the Dungeon.
You were not hungry.

You visited 1 branch of the dungeon, and saw 4 of its levels.

You collected 149 gold pieces.

Inventory:

Hand Weapons
 e - a +0 dagger
 k - a +2 flail of protection (weapon)
 t - a +2 dagger of venom
Jewellery
 l - a cursed ring of loudness (left tentacle)
Scrolls
 c - a scroll of amnesia {unknown}
 g - 3 scrolls of teleportation
 h - a scroll of magic mapping {unknown}
 m - a scroll of noise {unknown}
 q - a scroll of fear {unknown}
 u - a scroll of blinking {unknown}
Potions
 f - a potion of curing
 i - a potion of resistance {unknown}
 j - a potion of invisibility
 o - a potion of flight
Books
 a - a book of Frost

   Spells                             Type                      Level
   a - Freeze                         Ice                          1
   b - Throw Frost                    Conjuration/Ice              2
   c - Ozocubu's Armour               Charms/Ice                   3
   d - Throw Icicle                   Conjuration/Ice              4
   e - Summon Ice Beast               Ice/Summoning                4
Comestibles
 b - a bread ration
 d - 4 fruits
 p - 3 meat rations
 s - a royal jelly


   Skills:
 - Level 2.0 Dodging
 - Level 2.6 Stealth
 + Level 4.2 Spellcasting
 * Level 3.7 Conjurations
 + Level 5.0 Ice Magic


You had 3 spell levels left.
You knew the following spells:

 Your Spells              Type           Power        Failure   Level  Hunger
a - Freeze                Ice            ###.         1%          1    None
h - Throw Icicle          Conj/Ice       ###.....     22%         4    ####...
j - Throw Frost           Conj/Ice       ###...       3%          2    #......
w - Ozocubu's Armour      Chrm/Ice       ##......     14%         3    ###....


Dungeon Overview and Level Annotations

Branches:
Dungeon (4/15)
 Temple: D:4-7

Altars:
Gozag
Zin


Innate Abilities, Weirdness & Mutations

You cannot wear most types of armour.
You are very stealthy in the water. (Stealth+)
You are amphibious.
You can wear up to eight rings at the same time.
You can use your tentacles to constrict eight enemies at once.
Your skin changes colour to match your surroundings (Stealth+).
Your rubbery body absorbs attacks. (AC +1, EV +1)


Message History

Ouch! That really hurt!
Cast which spell? (? or * to list)
Aiming: Throw Frost
Press: ? - help, Shift-Dir - straight line, f/p - ogre
Aim: an ogre, wielding a giant club (lightly wounded)
The puff of frost hits the ogre.
The ogre is moderately wounded.
You barely miss the ogre.
The ogre is moderately wounded.
The ogre barely misses you.
You closely miss the ogre.
The ogre is moderately wounded.
The ogre barely misses you.
You hit the ogre.
Your weapon exudes an aura of protection.
You squeeze the ogre, but do no damage.
The ogre is moderately wounded.
The ogre hits you with a giant club!!
Ouch! That really hurt!
You die...

....###..# #.#
##.## ##.### #.#
...# #...###.#
.### ###..##.# ##
#+ ##.##.# # +.
#.##'### ## #.#
##......# .##
#.###.......#
.....#.........O@#
..#.###..........#
..#..............#
..#....#..####+###
..........##
...###.....# ....
#.$.#.# ...#
#...#... ##.#
#...#.....


You could see an ogre.

Vanquished Creatures
  4 killer bees (D:3)
  2 orc priests (D:3)
  Terence (D:1)
  6 adders
  3 worms
  A dart slug (D:2)
  2 leopard geckos
  8 orcs (D:3)
  16 giant cockroaches
  10 goblins
  8 hobgoblins
  8 kobolds
  A quokka (D:2)
  2 ball pythons
  7 bats
  6 frilled lizards
  A jackal skeleton (D:4)
  A leopard gecko skeleton (D:4)
  10 rats
97 creatures vanquished.

Notes
Turn   | Place    | Note
-------+----------+-------------------------------------------
     0 | D:1      | Duffy the Octopode Ice Elementalist began the quest for the Orb.
     0 | D:1      | Reached XP level 1. HP: 11/11 MP: 3/3
   447 | D:1      | Reached XP level 2. HP: 17/17 MP: 3/5
  1148 | D:1      | Learned a level 2 spell: Throw Frost
  1711 | D:2      | Noticed Terence
  1720 | D:1      | Reached XP level 3. HP: 21/21 MP: 5/7
  1863 | D:1      | Learned a level 3 spell: Ozocubu's Armour
  2287 | D:1      | Killed Terence
  2643 | D:2      | Reached XP level 4. HP: 27/27 MP: 8/8
  2828 | D:2      | Reached skill level 4 in Ice Magic
  3234 | D:2      | Learned a level 4 spell: Throw Icicle
  3391 | D:3      | Reached XP level 5. HP: 21/31 MP: 10/10
  3843 | D:3      | Reached XP level 6. HP: 32/36 MP: 11/11
  4308 | D:3      | Found a glowing silver altar of Zin.
  4309 | D:3      | Found an opulent altar of Gozag.
  4467 | D:3      | Reached skill level 5 in Ice Magic
  4468 | D:3      | HP: 1/36 [killer bee (9)]
  5000 | D:4      | Mangled by an ogre

Vault maps used:
D:1:      minmay_arrival_three_doors
D:2:      uniq_terence
D:3:      minmay_roachtagon, grunt_temple_overflow_gold_and_silver, minivault_5,
          minmay_door_square, kennysheep_another_room
D:4:      nicolae_ru_awakened_eye, first_bread, nemelex_dance_club_becter

Skill      XL: |  1  2  3  4  5  6 |
---------------+-------------------+-----
Spellcasting   | 3 4 |  4.2
Ice Magic      | 4 5 |  5.0
Conjurations   | 2 3 |  3.7
Dodging        | |  2.0
Stealth        | |  2.6

Action                   |  1- 3 |  4- 6 || total
-------------------------+-------+-------++-------
Melee: Dagger            |    20 |       ||    20
       Constrict         |     4 |    29 ||    33
       Flail             |     4 |   131 ||   135
       Tentacles         |     3 |    20 ||    23
 Cast: Freeze            |    39 |    29 ||    68
       Throw Frost       |     3 |     3 ||     6
       Ozocubu's Armour  |     2 |     4 ||     6
  Use: Scroll            |       |     3 ||     3
       Potion            |       |     1 ||     1
 Stab: Sleeping          |       |     8 ||     8
       Invisible         |       |     1 ||     1
  Eat: Chunk             |     3 |     9 ||    12
       Royal jelly       |     1 |       ||     1
Armor: Skin              |     2 |    59 ||    61
Dodge: Dodged            |    28 |   169 ||   197
